 Dungeon Crawl Stone Soup version 0.28-a0-1199-gef9e1dbd39 (webtiles) character file.

Game seed: 9219138862109546927

9359 pokeman the Thaumaturge (level 11, -10/61 HPs)
             Began as a Deep Elf Hedge Wizard on Dec 19, 2021.
             Was an Elder of Vehumet.
             Hit by a large rock thrown by a cyclops (31 damage)
             ... on level 11 of the Dungeon on Dec 20, 2021.
             The game lasted 00:35:45 (13580 turns).

pokeman the Thaumaturge (Deep Elf Hedge Wizard)    Turns: 13580, Time: 00:35:48

Health: -10/61     AC:  8    Str:  9    XL:     11   Next: 22%
Magic:  36/40      EV: 12    Int: 24    God:    Vehumet [****..]
Gold:   329        SH:  0    Dex: 14    Spells: 27/39 levels left

rFire   . . .      SeeInvis .   F - +7 mace of the Pharaoh's Fist {speed, Str+2 Stlth+}
rCold   . . .      Faith    .   (no shield)
rNeg    . . .      Spirit   .   a - +0 leather armour
rPois   .          Reflect  .   o - +0 helmet
rElec   .          Harm     .   (no cloak)
rCorr   .          Rampage  .   (no gloves)
Will    +....                   (no boots)
Stlth   +++.......              (no amulet)
HPRegen 0.20/turn               G - +4 ring of protection
MPRegen 0.27/turn               C - ring of magical power

@: no status effects
A: no striking features
a: Renounce Religion


You were on level 11 of the Dungeon.
You worshipped Vehumet.
Vehumet was greatly pleased with you.
You visited 2 branches of the dungeon, and saw 12 of its levels.

You collected 563 gold pieces.
You spent 234 gold pieces at shops.

Inventory:

Hand Weapons
 m - a +2 spear of venom
 x - a +0 hand crossbow
 F - the +7 mace of the Pharaoh's Fist (weapon) {speed, Str+2 Stlth+}
   (You found it on level 9 of the Dungeon)

   Attacks with this weapon are significantly faster.
   Str:       It affects your strength (+2).
   Stlth:     It makes you more stealthy.
 H - a +3 shortbow
Missiles
 h - 239 arrows
 A - 42 bolts
 I - a throwing net
Armour
 a - a +0 leather armour (worn)
 o - a +0 helmet (worn)
 B - a +2 robe of cold resistance
Jewellery
 q - a ring of ice
 z - a ring of protection from fire
 C - a ring of magical power (right hand)
 G - a +4 ring of protection (left hand)
 J - an amulet of faith
Wands
 b - a wand of flame (11)
 r - a wand of paralysis (20)
Scrolls
 c - 3 scrolls of immolation
 d - 2 scrolls of torment
 f - 4 scrolls of fog
 j - 2 scrolls of vulnerability
 k - a scroll of fear
 p - 3 scrolls of amnesia
 t - 2 scrolls of enchant weapon
 v - a scroll of silence
 y - a scroll of enchant armour
 D - a scroll of teleportation
 E - a scroll of blinking
Potions
 e - 3 potions of attraction
 g - 5 potions of heal wounds {unknown}
 i - 2 potions of cancellation {unknown}
 l - 4 potions of brilliance {unknown}
 n - 6 potions of curing {unknown}
 s - 2 potions of haste {unknown}
 u - 3 potions of flight {unknown}
 w - a potion of magic {unknown}


   Skills:
 - Level 4.0 Fighting
 + Level 4.6 Armour
 - Level 3.0 Dodging
 - Level 3.0 Stealth
 * Level 14.8 Spellcasting
 + Level 8.5 Conjurations
 - Level 1.1 Summonings
 - Level 3.0 Necromancy
 - Level 1.1 Translocations
 + Level 7.9 Fire Magic
 - Level 1.1 Air Magic
 - Level 1.1 Poison Magic
 - Level 1.1 Evocations


You had 27 spell levels left.
You knew the following spells:

 Your Spells              Type           Power      Damage    Failure   Level
a - Magic Dart            Conj           100%       1d8       1%          1
b - Mephitic Cloud        Conj/Pois/Air  35%        N/A       1%          3
c - Call Imp              Summ           23%        N/A       4%          2
d - Blink                 Tloc           46%        N/A       4%          2
e - Conjure Flame         Conj/Fire      55%        6-21      1%          3
f - Foxfire               Conj/Fire      100%       2x1d9     1%          1

Your spell library contained the following spells:

 Spells                   Type           Power      Damage    Failure   Level
 Fulminant Prism          Conj/Hex       19%        3d11      2%          4
 Freeze                   Ice            68%        1d8       1%          1
 Poisonous Vapours        Pois/Air       46%        N/A       1%          2
 Hailstorm                Conj/Ice       38%        3d9       2%          4
 Sting                    Tmut/Pois      80%        1d7       3%          1
 Frozen Ramparts          Ice            34%        1d5       3%          3
 Slow                     Hex            68%        N/A       4%          1
 Olgreb's Toxic Radiance  Pois           23%        N/A       7%          4
 Call Canine Familiar     Summ           23%        N/A       9%          3
 Portal Projectile        Hex/Tloc       40%        N/A       10%         3
 Summon Ice Beast         Ice/Summ       20%        N/A       32%         4
 Leda's Liquefaction      Hex/Erth       8%         N/A       38%         4
 Summon Mana Viper        Hex/Summ       20%        N/A       67%         5
 Monstrous Menagerie      Summ           11%        N/A       100%        7


Dungeon Overview and Level Annotations

Branches:
Dungeon (11/15)            Temple (1/1) D:5
   Lair: D:8-11         Orc: D:9-12

Altars:
Ashenzari
Cheibriados
Dithmenos
Elyvilon
Fedhas
Gozag
Hepliaklqana
Kikubaaqudgha
Makhleb
Nemelex Xobeh
Okawaru
Qazlal
Ru
Sif Muna
Trog
Uskayaw
Vehumet
Wu Jian
Xom
Yredelemnul
Zin
The Shining One

Shops:
D:6 (   D:7 (?   D:9 :


Message History

Casting: Conjure Flame (safe; 1% risk of failure)
Confirm with . or Enter, or press ? or * to list all spells.
A beastly little devil appears in a puff of flame.
You hit the death yak.
The death yak is lightly wounded.
The death yak is engulfed in blazing flames.
The death yak gores you but does no damage.
You hit the death yak.
The death yak is lightly wounded.
The death yak is engulfed in blazing flames.
The death yak gores you but does no damage.
You sock the death yak!
The death yak is moderately wounded.
The death yak is engulfed in blazing flames.
The death yak gores you.
You barely miss the death yak.
The death yak is heavily wounded.
Your crimson imp barely misses the death yak.
The death yak is engulfed in blazing flames.
The death yak closely misses you.
You sock the death yak!
The death yak is severely wounded.
Your crimson imp hits the death yak but does no damage.
The death yak is engulfed in blazing flames.
The death yak gores you!!
You hit the death yak.
The death yak is severely wounded.
Your crimson imp hits the death yak but does no damage.
You swap places.
The death yak is engulfed in blazing flames.
The death yak gores you.
Your crimson imp hits the death yak but does no damage.
The death yak is engulfed in blazing flames.
You kill the death yak!
Vehumet accepts your kill.
You feel your power returning.
The cyclops throws a large rock.
The large rock barely misses your crimson imp.
The large rock hits you!!
Ouch! That really hurt!
You die...

........###.#..###..........
#..C.....##....#
#........... #....#..#..#.#
#......##....
##......##.##.# #.####.#
###.
##......##.....##.....#..
......#.##.##C........###.
#..#.#......##5##.... ..
#......#....# .. #
##..###.###.@# #...# #.#
#.>......# #.#)#
#.##..###..... #...#
#....###......
.####..######...........
......)#.......<.... .. #.
#.....)..####.....# . #.
.....)))..###.....# #.
###........###....##.. #.


You could see a cyclops (ally target) and a friendly crimson imp (summoned).

Vanquished Creatures
  Harold (D:7)
  A death yak (D:11)
  3 two-headed ogres
  Joseph (D:7)
  An unseen horror (D:10)
  A hornet (D:7)
  2 wraiths
  Eustachio (D:6)
  7 yaks
  Menkaure (D:5)
  2 ice beasts
  2 orc warriors
  A black bear (D:5)
  A hornet zombie (D:8)
  5 ogres
  2 necrophages (D:8)
  5 centaurs
  3 kobold brigands
  4 bullfrogs
  3 scorpions (D:6)
  2 gnoll sergeants
  A water moccasin skeleton (D:7)
  3 killer bees (D:10)
  8 wights
  An electric eel (D:8)
  5 centaur zombies
  3 hounds (D:5)
  A bullfrog skeleton (D:4)
  7 orc priests
  2 jellies (D:5)
  2 gnoll shamans
  An iguana (D:5)
  7 orc wizards
  A hound skeleton (D:5)
  2 howler monkey zombies
  22 gnolls
  7 adders
  2 shadow imps
  An ufetubus (D:6)
  A dart slug (D:2)
  23 orcs
  4 bats
  5 endoplasms
  3 giant cockroaches
  4 goblins
  8 hobgoblins
  4 quokkas
  3 training dummies (D:7)
  4 ball pythons
  3 frilled lizards (D:1)
  19 kobolds
  A foxfire (D:10)
207 creatures vanquished.

Vanquished Creatures (collateral kills)
  A killer bee (D:10)
1 creature vanquished.

Vanquished Creatures (others)
  610 foxfires
  4 plants (D:9)
614 creatures vanquished.

Grand Total: 822 creatures vanquished

Notes
Turn   | Place    | Note
-------+----------+-------------------------------------------
     0 | D:1      | pokeman the Deep Elf Hedge Wizard began the quest for the
                  | Orb.
     0 | D:1      | Reached XP level 1. HP: 10/10 MP: 7/7
   315 | D:1      | Found a faded altar of an unknown god.
   473 | D:1      | Reached XP level 2. HP: 16/16 MP: 5/9
  1457 | D:2      | Reached skill level 5 in Spellcasting
  1689 | D:2      | Reached XP level 3. HP: 4/20 MP: 2/11
  1694 | D:2      | Learned a level 3 spell: Mephitic Cloud
  1697 | D:2      | Learned a level 2 spell: Call Imp
  1700 | D:2      | Learned a level 2 spell: Blink
  1704 | D:2      | Learned a level 3 spell: Conjure Flame
  2132 | D:2      | Reached skill level 1 in Fighting
  2451 | D:2      | Reached skill level 1 in Armour
  2993 | D:3      | Reached XP level 4. HP: 25/25 MP: 5/13
  4241 | D:4      | HP: 1/25 [orc priest/divine providence (12)]
  4556 | D:4      | Reached skill level 6 in Spellcasting
  4820 | D:4      | Reached XP level 5. HP: 29/29 MP: 10/15
  5205 | D:5      | Entered Level 5 of the Dungeon
  5286 | D:5      | Found a staircase to the Ecumenical Temple.
  5295 | Temple   | Entered the Ecumenical Temple
  5481 | Temple   | Became a worshipper of Vehumet
  5554 | D:5      | Noticed Menkaure
  5748 | D:5      | Noticed an ogre
  5760 | D:5      | Reached skill level 1 in Fire Magic
  5760 | D:5      | Reached skill level 1 in Poison Magic
  5762 | D:5      | Noticed an ice beast
  5763 | D:5      | Killed an ogre
  5764 | D:5      | Reached XP level 6. HP: 30/34 MP: 11/17
  5872 | D:4      | Reached skill level 7 in Spellcasting
  5872 | D:4      | Reached skill level 1 in Air Magic
  5963 | D:5      | Killed Menkaure
  5964 | D:5      | Reached XP level 7. HP: 22/39 MP: 8/20
  6137 | D:5      | Reached skill level 8 in Spellcasting
  6852 | D:5      | Found a shimmering altar of Xom.
  6961 | D:6      | Reached skill level 9 in Spellcasting
  6961 | D:6      | Reached XP level 8. HP: 44/44 MP: 17/23
  7049 | D:6      | Noticed Eustachio
  7072 | D:6      | Killed Eustachio
  7072 | D:6      | Reached * piety under Vehumet
  7072 | D:6      | Offered knowledge of Foxfire by Vehumet.
  7081 | D:6      | Learned a level 1 spell: Foxfire
  7798 | D:6      | Noticed a two-headed ogre
  7822 | D:6      | Killed a two-headed ogre
  7823 | D:6      | Reached skill level 10 in Spellcasting
  7823 | D:6      | Reached skill level 5 in Conjurations
  7988 | D:6      | Reached XP level 9. HP: 21/48 MP: 20/25
  8347 | D:6      | Found Voly's Antique Weapon Shoppe.
  8540 | D:6      | Reached skill level 1 in Evocations
  8807 | D:7      | Reached skill level 11 in Spellcasting
  8807 | D:7      | Reached skill level 5 in Fire Magic
  8906 | D:7      | Found Asyonor's Magic Scroll Boutique.
  9148 | D:7      | Reached ** piety under Vehumet
  9191 | D:7      | Offered knowledge of Scorch by Vehumet.
  9246 | D:7      | Found Riext's Firing Range.
  9291 | D:7      | Noticed Joseph
  9303 | D:7      | Noticed Harold
  9303 | D:7      | Killed Joseph
  9304 | D:7      | Reached skill level 1 in Necromancy
  9318 | D:7      | Killed Harold
  9319 | D:7      | Reached skill level 12 in Spellcasting
  9559 | D:7      | Bought 3 scrolls of identify for 72 gold pieces
  9559 | D:7      | Bought a scroll of noise for 12 gold pieces
  9559 | D:7      | Bought a scroll of fog for 24 gold pieces
  9559 | D:7      | Bought a scroll of teleportation for 36 gold pieces
  9559 | D:7      | Bought a scroll of blinking for 90 gold pieces
  9890 | D:7      | Reached XP level 10. HP: 56/56 MP: 14/28
 10415 | D:8      | Offered knowledge of Inner Flame by Vehumet.
 11101 | D:9      | Reached *** piety under Vehumet
 11219 | D:9      | Reached skill level 13 in Spellcasting
 11403 | D:9      | Found a hazy altar of Hepliaklqana.
 11439 | D:9      | Identified the +7 mace of the Pharaoh's Fist {speed, Str+2
                  | Stlth+}
 11664 | D:9      | Found Idegeaju's Book Shoppe.
 12005 | D:10     | Entered Level 10 of the Dungeon
 12088 | D:10     | Offered knowledge of Fulminant Prism by Vehumet.
 12362 | D:10     | Noticed a two-headed ogre
 12387 | D:10     | Killed a two-headed ogre
 12388 | D:10     | Reached skill level 14 in Spellcasting
 12728 | D:10     | Reached XP level 11. HP: 41/61 MP: 20/31
 13135 | D:11     | Noticed a two-headed ogre
 13142 | D:11     | Noticed a death yak
 13145 | D:11     | Killed a two-headed ogre
 13148 | D:11     | Noticed a death yak
 13440 | D:11     | Reached **** piety under Vehumet
 13580 | D:11     | Killed a death yak
 13580 | D:11     | Hit by a large rock thrown by a cyclops

Illustrated notes

Levels and vault maps discovered:
D:1:      pf_arrival_petrified_forest, layout_loops_corners, serial_rivers,
          chequers_serial_rivers_large_a, chequers_serial_rivers_small_a,
          chequers_serial_rivers_micro_a, chequers_serial_rivers_room_a,
          chequers_serial_rivers_micro_d,
          dreamdust_ecumenical_altar_hidden_monk_grotto, st_stairs_7,
          minmay_door_square
D:2:      layout_rooms
D:3:      layout_basic
D:4:      layout_gridville, nrook_mini_vaults, minmay_misc_feat_alley
D:5:      layout_cave_pools, minmay_temple_entry_waves, minmay_ruined_shrine,
          uniq_menkaure
D:6:      layout_basic, serial_shops, nicolae_shop_advertising_works
          [nicolae_subvault_shop_adworks], lemuel_flamethrower_2, uniq_eustachio
D:7:      layout_loops_ring, serial_shops, shop_fountains,
          nicolae_shop_firing_range, uniq_joseph, uniq_harold
D:8:      layout_cave_pools, serial_undead, serial_undead_f, serial_undead_c,
          serial_undead_f, serial_undead_f
D:9:      layout_loops_ring, nicolae_hepliaklqana_hazy_memory, serial_shops,
          shop, serial_co_window_serial, co_window_corner_a, co_window_paths_b,
          co_window_corner_a, co_window_cross_1, co_window_paths_a,
          co_window_2corner, co_window_corner_b, co_window_broadway_c,
          co_window_paths_c, co_window_broadway_c, glass_columns_a,
          glass_columns_b
D:10:     layout_gridville
D:11:     layout_rooms, dpeg_lair_monsters
Temple:   mainiacjoe_temple_starburst

Skill      XL: |  1  2  3  4  5  6  7  8  9 10 |
---------------+-------------------------------+-----
Spellcasting   | 5 6 7 9 10 12 14 | 14.8
Fighting       | 1 2 3 4 |  4.0
Conjurations   | 2 3 4 5 6 8 |  8.5
Armour         | 1 3 4 |  4.6
Stealth        | 3 |  3.0
Dodging        | 3 |  3.0
Fire Magic     | 1 3 4 6 7 |  7.9
Poison Magic   | 1 |  1.1
Air Magic      | 1 |  1.1
Evocations     | 1 |  1.1
Necromancy     | 3 |  3.0
Summonings     | |  1.1
Translocations | |  1.1

Action                   |  1- 3 |  4- 6 |  7- 9 | 10-12 || total
-------------------------+-------+-------+-------+-------++-------
Melee: Dagger            |     4 |       |       |       ||     4
       Long sword        |       |    11 |    11 |       ||    22
       Rapier            |       |       |    43 |    10 ||    53
       Mace              |       |       |       |    35 ||    35
       Spear             |       |       |       |    12 ||    12
 Cast: Magic Dart        |   100 |    77 |    72 |     2 ||   251
       Mephitic Cloud    |     3 |     8 |    18 |    18 ||    47
       Blink             |     2 |     3 |     2 |     4 ||    11
       Call Imp          |     1 |       |     1 |     1 ||     3
       Conjure Flame     |       |     3 |    16 |    13 ||    32
       Foxfire           |       |       |   112 |   230 ||   342
  Use: Scroll            |       |       |     8 |     1 ||     9
 Stab: Confused          |       |       |     6 |     6 ||    12
       Sleeping          |       |       |       |     1 ||     1
Armor: Leather armour    |     6 |     6 |    18 |    30 ||    60
Dodge: Dodged            |    10 |    11 |    47 |    50 ||   118

Table legend: (Time is in decaauts)
 A = Elapsed time spent in this place.
 B = Non-inter-level travel time spent in this place.
 C = Inter-level travel time spent in this place.
 D = Time resting spent in this place.
 E = Time spent auto-exploring this place.
 F = Levels seen in this place.
 G = Mean time per level.
                   A        B        C        D        E       F      G
               +--------+--------+--------+--------+--------+-----+--------+
         Total |  13611 |  12979 |    632 |    826 |  10270 |  12 | 1134.2 |
       Dungeon |  13369 |  12792 |    577 |    826 |  10097 |  11 | 1215.4 |
        Temple |    242 |    187 |     55 |      0 |    173 |   1 |  242.0 |
               +--------+--------+--------+--------+--------+-----+--------+

Top non-repeatable levels by time:
     D:6: 1817 daAuts
     D:3: 1546 daAuts
     D:1: 1525 daAuts
     D:7: 1357 daAuts
     D:2: 1331 daAuts
     D:5: 1223 daAuts
    D:10: 1160 daAuts
     D:4: 1107 daAuts
     D:9: 1089 daAuts
     D:8: 796 daAuts
    D:11: 413 daAuts
  Temple: 242 daAuts
